 Dungeon Crawl Stone Soup version 0.20.0 (webtiles) character file.

2286 Danakh the Chopper (level 9, -21/103 HPs)
             Began as a Demonspawn Fighter on June 3, 2017.
             Was an Elder of Ru.
             Demolished by a white ugly thing (26 damage)
             ... on level 7 of the Dungeon.
             The game lasted 00:23:22 (6630 turns).

Danakh the Chopper (Demonspawn Fighter)             Turns: 6630, Time: 00:23:22

Health: -21/103    AC:  9    Str: 25    XL:     9   Next: 17%
Magic:  0/9        EV:  8    Int:  9    God:    Ru [****..]
Gold:   390        SH: 11    Dex: 15    Spells: 8/8 levels left

rFire    . . .     SeeInvis .   o - +0 broad axe
rCold    . . .     Gourm    .   c - +0 shield
rNeg     + . .     Faith    .   b - +0 scale mail
rPois    .         Spirit   +   (helmet unavailable)
rElec    .         Reflect  .   (no cloak)
rCorr    .         Harm     .   (no gloves)
MR       .....                  m - +0 pair of boots
Stlth    ..........             (no amulet)
Regen    0.3/turn               D - ring of positive energy
MPRegen  0.2/turn               (no ring)

@: berserking, very quick
A: horns 3, agile 1, shaggy fur 1, magic shield, subdued magic 1, hated by all,
inability to train dodging, magic vulnerability 1
a: Draw Out Power, Power Leap, Renounce Religion


You were on level 7 of the Dungeon.
You worshipped Ru.
Ru was greatly pleased with you.
You were not hungry.

You visited 1 branch of the dungeon, and saw 7 of its levels.
You also visited: Sewer.

You collected 390 gold pieces.

Inventory:

Hand Weapons
 a - a +1 war axe
 o - a +0 broad axe (weapon)
Armour
 b - a +0 scale mail (worn)
 c - a +0 shield (worn)
 g - a +0 pair of boots
 m - a +0 pair of boots (worn)
Jewellery
 n - an uncursed ring of ice
 A - an uncursed ring of ice
 D - a ring of positive energy (left hand)
 F - an uncursed ring of fire
Scrolls
 i - 5 scrolls of identify
 j - a scroll of blinking {unknown}
 k - 3 scrolls of remove curse
 s - 7 scrolls of teleportation {unknown}
 t - 2 scrolls of enchant weapon
 w - a scroll of fear {unknown}
 y - 2 scrolls of amnesia
 z - 2 scrolls of recharging
Potions
 d - 2 potions of might
 e - 2 potions of flight
 l - 2 potions of curing
 q - 2 potions of lignification {unknown}
 v - a potion of magic
 x - a potion of brilliance {unknown}
 C - a potion of ambrosia
 E - a potion of heal wounds {unknown}
Comestibles
 f - 5 bread rations
 h - 3 meat rations
 r - 3 royal jellies
 u - 4 fruits


   Skills:
 + Level 6.1 Fighting
 * Level 7.6 Axes
 + Level 5.5 Armour
 + Level 5.5 Shields


You had 8 spell levels left.
You didn't know any spells.

Dungeon Overview and Level Annotations

Branches:
Dungeon (7/15)             Temple (0/1) D:4

Altars:
Dithmenos
Elyvilon
Fedhas
Gozag
Nemelex Xobeh
Ru
Trog
Uskayaw
Xom


Innate Abilities, Weirdness & Mutations

You have a pair of large horns on your head.
((A weak demonic guardian rushes to your aid.))
When hurt, damage is shared between your health and your magic reserves.
You are hated by all.
You cannot train Dodging skill.
You are slightly vulnerable to magic. (MR-)
You are agile. (Dex +2)
You are covered in fur. (AC +1)
Your spells are a little easier to cast, but a little less powerful.


Message History

The white ugly thing gurgles horribly!
You slash the white ugly thing!
The white ugly thing is lightly wounded.
You block the white ugly thing's attack.
You hit the white ugly thing. You headbutt the white ugly thing.
The white ugly thing is moderately wounded.
The white ugly thing tail-slaps you! The white ugly thing freezes you!!
* * * LOW HITPOINT WARNING * * *
You focus your will and illuminate the white ugly thing in retribution!
You block the white ugly thing's attack.
You slash the white ugly thing!
Your headbutt misses the white ugly thing.
The white ugly thing is heavily wounded.
You block the white ugly thing's attack.
A red film seems to cover your vision as you go berserk!
You feel yourself moving faster!
You feel mighty! The white ugly thing tail-slaps you!
* * * LOW HITPOINT WARNING * * *
The white ugly thing freezes you!!
You die...

....... ...........#
..##.....#####
###.....>.#
.............#
#....>..#
.............##
#.......#
.........#...##
##.#.####
.#......#.###.####.#.#
.......#.#####.....#.#
#.#.##.#....#
##.#(.#.#
..........@.# #....#.#
########..u.#
##.#.##.#
###..####.##.# .#
#.)....#######
#......# . ##....##
.P≈≈#......#≈≈≈
P≈≈≈........≈≈≈≈
≈≈≈≈#.=....#≈≈≈≈


You could see a white ugly thing.

Vanquished Creatures
  A hungry ghost (D:6)
  2 phantoms
  Purgy (Sewer)
  An ice beast (D:5)
  2 sky beasts
  4 centaurs
  An ogre (D:6)
  A big kobold (Sewer)
  A gnoll sergeant (D:5)
  A bullfrog (D:6)
  A crimson imp (D:6)
  A jelly (D:5)
  A centaur skeleton (D:4)
  5 gnoll shamans (D:5)
  2 orc priests
  A hound (D:5)
  3 orc wizards
  2 worker ants
  A hound zombie (D:6)
  2 hound skeletons
  27 gnolls (D:5)
  4 adders
  2 adder skeletons
  An adder zombie (D:6)
  3 worms
  2 dart slugs
  3 leopard geckos
  14 orcs
  9 bats
  12 giant cockroaches
  4 goblins
  8 hobgoblins
  17 jackals (D:5)
  9 kobolds
  2 quokkas
  4 ball pythons
  3 frilled lizards
  A jackal skeleton (D:4)
  A leopard gecko zombie (D:6)
  5 rats
165 creatures vanquished.

Vanquished Creatures (collateral kills)
  A centaur (D:4)
  An orc wizard (D:3)
  An iguana (D:4)
  An adder (D:2)
  A frilled lizard (D:4)
5 creatures vanquished.

Vanquished Creatures (others)
  A wizard (D:3)
  A jackal (D:5)
2 creatures vanquished.

Grand Total: 172 creatures vanquished

Notes
Turn   | Place    | Note
-------+----------+-------------------------------------------
     0 | D:1      | Danakh the Demonspawn Fighter began the quest for the Orb.
     0 | D:1      | Reached XP level 1. HP: 18/18 MP: 1/1
   157 | D:1      | Reached skill level 2 in Axes
   221 | D:1      | Gained mutation: A weak demonic guardian rushes to your aid. [demonic ancestry]
   221 | D:1      | Reached XP level 2. HP: 21/24 MP: 2/2
   711 | D:2      | Found a sacrificial altar of Ru.
   722 | D:2      | Became a worshipper of Ru the Awakened
   841 | D:2      | HP: 1/24 [hobgoblin/club (6)]
   842 | D:2      | Gained mutation: You have a pair of small horns on your head. [demonic ancestry]
   842 | D:2      | Reached XP level 3. HP: 1/29 MP: 3/3
  1331 | D:2      | Found a shadowy altar of Dithmenos.
  1992 | D:2      | Found a faded altar of an unknown god.
  2039 | D:2      | You fall through a shaft!
  2056 | D:3      | Gained mutation: When hurt, damage is shared between your health and your magic reserves. [demonic ancestry]
  2056 | D:3      | Reached XP level 4. HP: 34/35 MP: 4/4
  2250 | D:3      | Reached skill level 3 in Axes
  2252 | D:3      | Gained mutation: You have a pair of horns on your head. [demonic ancestry]
  2252 | D:3      | Reached XP level 5. HP: 26/41 MP: 2/5
  2379 | D:3      | Noticed a phantom
  2404 | D:3      | Killed a phantom
  2413 | D:3      | Gained mutation: You cannot train Dodging skill. [Ru sacrifice]
  2413 | D:3      | Reached * piety under Ru
  2661 | D:3      | Found a bloodstained altar of Trog.
  2662 | D:3      | Noticed a wizard
  2668 | D:3      | Killed a wizard
  2746 | D:4      | Noticed a centaur
  2751 | D:4      | Killed a centaur
  2751 | D:4      | Reached skill level 4 in Axes
  2751 | D:4      | Reached XP level 6. HP: 46/48 MP: 6/6
  2769 | D:4      | Found a staircase to the Ecumenical Temple.
  2806 | D:4      | Found a blossoming altar of Fedhas.
  2806 | D:4      | Found a white marble altar of Elyvilon.
  2837 | D:4      | Found a glowing drain.
  2850 | Sewer    | Entered a sewer
  2965 | Sewer    | Noticed Purgy
  2968 | Sewer    | Killed Purgy
  3415 | D:4      | Reached XP level 7. HP: 55/55 MP: 7/7
  3870 | D:5      | Entered Level 5 of the Dungeon
  3880 | D:5      | Reached skill level 5 in Axes
  4495 | D:5      | Found a hide-covered altar of Uskayaw.
  4568 | D:5      | Gained mutation: You are hated by all. [Ru sacrifice]
  4568 | D:5      | Reached ** piety under Ru
  4568 | D:5      | Reached *** piety under Ru
  4595 | D:5      | Gained mutation: You have a pair of large horns on your head. [demonic ancestry]
  4595 | D:5      | Reached XP level 8. HP: 55/61 MP: 8/8
  4608 | D:5      | Reached skill level 5 in Fighting
  4657 | D:5      | Reached skill level 6 in Axes
  5073 | D:5      | Reached skill level 5 in Armour
  5348 | D:5      | Reached skill level 5 in Shields
  5726 | D:6      | Reached skill level 7 in Axes
  5792 | D:6      | Found a sparkling altar of Nemelex Xobeh.
  5820 | D:6      | Reached XP level 9. HP: 55/69 MP: 9/9
  6035 | D:6      | Gained mutation: You are covered in fur. (AC +1) [mutagenic meat]
  6036 | D:6      | Gained mutation: Your spells are a little easier to cast, but a little less powerful. [mutagenic meat]
  6037 | D:6      | Gained mutation: You are agile. (Dex +2) [mutagenic meat]
  6047 | D:6      | Found a shimmering altar of Xom.
  6047 | D:6      | Found a shimmering altar of Xom.
  6047 | D:6      | Found a shimmering altar of Xom.
  6048 | D:6      | Found a shimmering altar of Xom.
  6064 | D:6      | Found an opulent altar of Gozag.
  6357 | D:6      | Gained mutation: You are slightly vulnerable to magic. (MR-) [Ru sacrifice]
  6357 | D:6      | Reached **** piety under Ru
  6613 | D:7      | Noticed a white ugly thing
  6630 | D:7      | HP: 5/103 [white ugly thing (7)]
  6630 | D:7      | Demolished by a white ugly thing

Skill      XL: |  1  2  3  4  5  6  7  8 |
---------------+-------------------------+-----
Axes           | 2 3 4 5 7 |  7.6
Armour         | 3 4 5 |  5.5
Shields        | 3 4 5 |  5.5
Fighting       | 4 6 |  6.1

Action                   |  1- 3 |  4- 6 |  7- 9 || total
-------------------------+-------+-------+-------++-------
Melee: War axe           |   126 |    74 |       ||   200
       Headbutt          |     9 |    13 |    67 ||    89
       Broad axe         |       |    30 |   305 ||   335
Invok: Sacrifice Nimblen |       |     1 |       ||     1
       Sacrifice Love    |       |       |     1 ||     1
       Draw Out Power    |       |       |     2 ||     2
       Sacrifice Essence |       |       |     1 ||     1
  Use: Scroll            |     4 |     7 |       ||    11
       Potion            |     2 |       |     2 ||     4
 Stab: Invisible         |       |       |     2 ||     2
  Eat: Chunk             |     4 |     4 |    14 ||    22
       Fruit             |       |       |     3 ||     3
Armor: Scale mail        |    78 |    41 |   123 ||   242
Dodge: Dodged            |    32 |    32 |    96 ||   160
Block: Shield            |    68 |    37 |   190 ||   295
